 Dungeon Crawl Stone Soup version 0.31.0-11-ge490571c62 (webtiles) character file.

Game seed: 7879602246597993384

17873 hawla the Tortoise (level 12, 0/91 HPs)
             Began as a Minotaur Fighter on Feb 10, 2024.
             Was an Elder of Makhleb.
             Slain by a vampire mosquito (1 damage)
             ... on level 12 of the Dungeon.
             The game lasted 00:35:42 (11778 turns).

hawla the Tortoise (Minotaur Fighter)              Turns: 11778, Time: 00:35:42

Health: 0/91       AC: 17    Str: 27    XL:     12   Next: 22%
Magic:  14/14      EV:  8    Int:  5    God:    Makhleb [****..]
Gold:   128        SH:  9    Dex:  9    Spells: 11/11 levels left

rFire   + + .        F - +2 broad axe
rCold   x . .        r - +0 kite shield
rNeg    . . .        s - +6 plate armour
rPois   .            l - +2 hat
rElec   .            f - +0 cloak
rCorr   .            (no gloves)
SInv    .            b - +1 pair of boots
Will    .....        (no amulet) Stlth
                     G - ring of protection from fire
HPRegen 0.35/turn    m - ring of fire
MPRegen 0.14/turn

%: clarity
@: marked, corroded, unable to drink
A: horns 2, retaliatory headbutt, clarity, inability to drink after injury 1
a: Renounce Religion, Minor Destruction, Lesser Servant of Makhleb, Major
Destruction


You were on level 12 of the Dungeon.
You worshipped Makhleb.
Makhleb was greatly pleased with you.
You visited 2 branches of the dungeon, and saw 13 of its levels.
You also visited: Bailey.

You collected 531 gold pieces.
You spent 403 gold pieces at shops.

Inventory:

Hand Weapons
 v - the +7 whip of Rilomyn {spect, +Blink rPois Int+3}
   (You found it on level 4 of the Dungeon)

   Int+3:     It affects your intelligence (+3).
   rPois:     It protects you from poison +Blink: It lets you blink.
 F - a +2 broad axe (weapon)
 H - the +9 mace of Severance {freeze, rC+}
   (You found it on level 7 of the Dungeon)

   rC+:       It protects you from cold.
Missiles
 C - 3 poisoned darts (quivered)
 J - a throwing net
Armour
 b - a +1 pair of boots (worn)
 f - a +0 cloak (worn)
 l - a +2 hat (worn)
 r - a +0 kite shield (worn)
 s - a +6 plate armour (worn)
 L - a +0 chain mail of fire resistance
Jewellery
 a - a ring of protection from cold
 h - a +5 ring of evasion
 m - a ring of fire (right hand)
 o - an amulet of faith
 t - a ring of ice
 u - a ring of willpower
 z - an amulet of magic regeneration
 G - a ring of protection from fire (left hand)
 I - a +6 ring of dexterity
Wands
 i - a wand of polymorph (2)
 x - a wand of flame (34)
 y - a wand of light (6)
Scrolls
 c - a scroll of fog
 g - 2 scrolls of poison
 k - 6 scrolls of teleportation
 n - 3 scrolls of vulnerability
 p - 5 scrolls of revelation
 P - a scroll of fear
Potions
 d - 5 potions of might
 e - a potion of curing
 j - 4 potions of haste
 q - 3 potions of resistance
 A - a potion of brilliance {unknown}
 B - a potion of ambrosia {unknown}
 E - a potion of enlightenment {unknown}
 K - a potion of degeneration {unknown}
 M - a potion of lignification {unknown}
 N - a potion of attraction {unknown}


   Skills:
 - Level 4.0 Fighting
 - Level 2.4(9.3) Axes
 - Level 13.8(14.0) Maces & Flails
 - Level 6.0 Throwing
 - Level 15.1 Armour
 - Level 5.0 Dodging
 + Level 7.2 Shields
 + Level 4.1 Invocations
 - Level 3.0 Evocations


You had 11 spell levels left.
You didn't know any spells.
Your spell library was empty.

Dungeon Overview and Level Annotations

Branches:
Dungeon (12/15)            Temple (1/1) D:6            Lair (0/5) D:11
    Orc (0/2) D:9          Bailey (visited)

Altars:
Ashenzari
Cheibriados
Dithmenos
Elyvilon
Fedhas
Gozag
Hepliaklqana
Kikubaaqudgha
Makhleb
Nemelex Xobeh
Okawaru
Qazlal
Ru
Sif Muna
Trog
Uskayaw
Vehumet
Wu Jian
Xom
Yredelemnul
Zin
The Shining One

Shops:
D:10 *

Annotations:
D:4 1 runed translucent door, firemarshallily's ghost, amateur DsFi
D:12 Nessos


Innate Abilities, Weirdness & Mutations

You have a pair of horns on your head.
You reflexively headbutt those who attack you in melee.
You possess an exceptional clarity of mind.
You occasionally lose the ability to drink potions when taking damage.


Message History

You completely miss the vampire mosquito.
You miss the vampire mosquito. You hit the vampire mosquito.
You block the vampire mosquito's attack.
The vampire mosquito bites you but does no damage.
The vampire mosquito barely misses you. The vampire mosquito bites you.
* * * LOW HITPOINT WARNING * * *
The vampire mosquito draws strength from your injuries!
The vampire mosquito closely misses you.
The vampire mosquito bites you but does no damage.
The vampire mosquito barely misses you. You furiously retaliate!
You headbutt the vampire mosquito, but do no damage.
The vampire mosquito bites you but does no damage.
Your orange demon completely misses the vampire mosquito.
The vampire mosquito bites you but does no damage.
A purple ugly thing comes into view.
The vampire mosquito bites you but does no damage.
Unknown command.
Okay, then.
Unknown command.
What are your orders? t - Shout!
Orders for allies: a - Attack new target. r - Retreat! s - Stop attacking. g - Guard the area. f - Follow me.
Anything else - Cancel.
Gang up on whom?
Press: ? - help, Dir - move target, f - vampire mosquito
Aim: a vampire mosquito (moderately damaged, ally target) Attack!
The vampire mosquito bites you.
* * * LOW HITPOINT WARNING * * *
The vampire mosquito draws strength from your injuries!
The vampire mosquito bites you.
* * * LOW HITPOINT WARNING * * *
The vampire mosquito draws strength from your injuries!
You block the vampire mosquito's attack.
The vampire mosquito barely misses you. You furiously retaliate!
You headbutt the vampire mosquito, but do no damage.
You block the vampire mosquito's attack.
The vampire mosquito bites you.
You die...

#....###...... u.. #..#
###....# ### .. ##. #
#..).... #..... .
.##...#.... ##..#. ###
......##[...
.#.....#..#(####........
...........(...##.......
#....yyy...............
#...@y...............
#................#..#..
###...4..........#..###
#####.........###..
#......# ## ..#...
#..... .....


You could see a purple ugly thing, 4 vampire mosquitoes and a friendly orange
demon (summoned).

Vanquished Creatures
  Gastronok (D:8)
  2 vault guards (Bailey)
  3 two-headed ogres
  Pikel (D:7)
  A manticore (D:11)
  A molten gargoyle (D:12)
  Jeremiah (D:6)
  3 unseen horrors (D:11)
  A komodo dragon (D:11)
  A kobold demonologist (D:12)
  4 trolls
  Prince Ribbit (Bailey)
  Sigmund (D:2)
  17 yaks
  4 wraiths (D:11)
  A shadow (D:11)
  A wyvern (D:9)
  A vampire (D:11)
  6 humans (Bailey)
  3 vampire mosquitoes (D:11)
  A steam dragon (D:2)
  Duvessa (D:7)
  4 orc warriors
  An ice beast (D:8)
  2 sky beasts (D:7)
  2 black bears (D:6)
  17 centaurs
  3 lemures (D:7)
  Blork the orc (D:5)
  A gnoll sergeant (D:5)
  17 bullfrogs
  Dowan (D:7)
  6 killer bees (D:9)
  6 howler monkeys
  4 hounds
  6 orc priests
  2 bombardier beetles
  5 sleepcaps
  A jelly (D:6)
  12 orc wizards
  6 iguanas
  4 gnolls
  10 adders
  A shadow imp (D:6)
  2 white imps
  2 ufetubi (D:6)
  3 dart slugs
  33 orcs
  7 ball pythons
  5 endoplasms
  A giant cockroach (D:1)
  12 goblins
  9 hobgoblins
  9 jackals
  6 kobolds
  4 quokkas
  A bat (D:3)
  6 frilled lizards
  10 rats
  A spectral goblin (D:3)
279 creatures vanquished.

Vanquished Creatures (collateral kills)
  A howler monkey (D:12)
1 creature vanquished.

Vanquished Creatures (others)
  A human (D:3)
  2 spectral weapons
3 creatures vanquished.

Grand Total: 283 creatures vanquished

Notes
Turn   | Place    | Note
-------+----------+-------------------------------------------
     0 | D:1      | hawla the Minotaur Fighter began the quest for the Orb.
     0 | D:1      | Reached XP level 1. HP: 19/19 MP: 0/0
    92 | D:1      | Reached XP level 2. HP: 26/27 MP: 1/1
    99 | D:1      | Reached skill level 1 in Dodging
   121 | D:1      | Found a faded altar of an unknown god.
   601 | D:1      | Reached XP level 3. HP: 33/33 MP: 2/2
   833 | D:2      | Found a snail-covered altar of Cheibriados.
  1396 | D:2      | Noticed Sigmund
  1440 | D:2      | Killed Sigmund
  1441 | D:2      | Reached skill level 5 in Shields
  1441 | D:2      | Reached XP level 4. HP: 6/40 MP: 3/3
  1441 | D:2      | Reached XP level 5. HP: 7/46 MP: 4/4
  1730 | D:2      | Identified the +0 robe of Bujutua {-Cast -Tele Rampage rF+
                  | Str+9}
  1921 | D:3      | Noticed a steam dragon
  1923 | D:3      | Found a radiant altar of Vehumet.
  1938 | D:2      | Killed a steam dragon
  1939 | D:2      | Reached skill level 5 in Dodging
  1939 | D:2      | Reached skill level 5 in Armour
  1939 | D:2      | Reached XP level 6. HP: 13/52 MP: 5/5
  2085 | D:3      | Found a snail-covered altar of Cheibriados.
  2247 | D:3      | Found a sacrificial altar of Ru.
  2404 | D:3      | Found a shimmering blue altar of Sif Muna.
  2527 | D:3      | Found a hazy altar of Hepliaklqana.
  2649 | D:3      | Found a hide-covered altar of Uskayaw.
  2797 | D:3      | Found an ancient bone altar of Kikubaaqudgha.
  2798 | D:3      | Noticed a human
  2800 | D:3      | Killed a human
  3003 | D:4      | Found a runed translucent door.
  3103 | D:4      | Identified the +7 whip of Rilomyn {spect, +Blink rPois
                  | Int+3}
  3192 | D:4      | Reached skill level 6 in Armour
  3327 | D:4      | Noticed firemarshallily's ghost (amateur DsFi)
  3495 | D:5      | Entered Level 5 of the Dungeon
  3559 | D:5      | Reached XP level 7. HP: 51/59 MP: 6/6
  3611 | D:5      | Noticed Blork the orc
  3620 | D:5      | Killed Blork the orc
  3621 | D:5      | Reached skill level 7 in Armour
  3808 | D:5      | Reached skill level 8 in Armour
  3914 | D:5      | Found a bloodstained altar of Trog.
  3968 | D:5      | Reached skill level 9 in Armour
  4191 | D:5      | Reached XP level 8. HP: 47/66 MP: 7/7
  4567 | D:6      | Reached skill level 10 in Armour
  4716 | D:6      | Noticed Jeremiah
  4769 | D:6      | HP: 1/49 [Jeremiah/divine providence (8)]
  4773 | D:6      | Killed Jeremiah
  4774 | D:6      | Reached skill level 11 in Armour
  5079 | D:6      | Reached skill level 12 in Armour
  5094 | D:6      | Found a staircase to the Ecumenical Temple.
  5132 | Temple   | Entered the Ecumenical Temple
  5138 | Temple   | Became a worshipper of Makhleb the Destroyer
  5145 | D:6      | Noticed a two-headed ogre
  5389 | D:6      | Killed a two-headed ogre
  5390 | D:6      | Reached skill level 13 in Armour
  5390 | D:6      | Reached XP level 9. HP: 71/71 MP: 8/8
  5507 | D:6      | Identified the +1 sling of Henlorov {freeze, rF+ rC+ rN+}
  5967 | D:7      | Noticed Pikel
  6280 | D:7      | Noticed Duvessa
  6285 | D:7      | Killed Duvessa
  6292 | D:7      | Noticed Dowan
  6306 | D:7      | Killed Pikel
  6307 | D:7      | Reached skill level 14 in Armour
  6708 | D:7      | Identified the +9 mace of Severance {freeze, rC+}
  6876 | D:7      | Killed Dowan
  6877 | D:7      | Reached skill level 15 in Armour
  7150 | D:8      | Noticed Gastronok
  7376 | D:8      | Noticed a two-headed ogre
  7385 | D:8      | Killed a two-headed ogre
  7386 | D:8      | Reached skill level 1 in Throwing
  7386 | D:8      | Reached XP level 10. HP: 65/78 MP: 9/9
  7421 | D:8      | Reached * piety under Makhleb
  7457 | D:8      | Found a flagged portal.
  7477 | Bailey   | Entered a bailey
  7728 | Bailey   | Reached skill level 5 in Throwing
  7778 | Bailey   | Reached skill level 1 in Maces & Flails
  7864 | Bailey   | Noticed Prince Ribbit
  7864 | Bailey   | Noticed a vault guard
  8039 | Bailey   | Killed Prince Ribbit
  8055 | Bailey   | Killed a vault guard
  8056 | Bailey   | Reached skill level 5 in Maces & Flails
  8148 | Bailey   | Noticed a vault guard
  8152 | Bailey   | Reached ** piety under Makhleb
  8162 | Bailey   | Killed a vault guard
  8556 | D:8      | Killed Gastronok
  8557 | D:8      | Reached XP level 11. HP: 84/84 MP: 10/10
  9068 | D:9      | Reached skill level 10 in Maces & Flails
  9476 | D:9      | Found a staircase to the Orcish Mines.
  9592 | D:10     | Entered Level 10 of the Dungeon
  9651 | D:10     | Found a broken altar of Ashenzari.
  9825 | D:10     | Reached *** piety under Makhleb
 10022 | D:10     | Found Efaekh's Assorted Antiques.
 10031 | D:10     | Bought a scroll of teleportation for 87 gold pieces
 10031 | D:10     | Bought a potion of heal wounds for 145 gold pieces
 10031 | D:10     | Bought a bubbling pink potion for 26 gold pieces
 10031 | D:10     | Bought a scroll of identify for 58 gold pieces
 10031 | D:10     | Bought a scroll of teleportation for 87 gold pieces
 10043 | D:10     | Gained mutation: Your mind is acute. (Int +4, Str/Dex -1)
                  | [potion of mutation]
 10043 | D:10     | Gained mutation: Your spells are a little harder to cast,
                  | but a little more powerful. [potion of mutation]
 10044 | D:10     | Lost mutation: Your mind is acute. (Int +4, Str/Dex -1)
                  | [potion of mutation]
 10044 | D:10     | Lost mutation: Your spells are a little harder to cast, but
                  | a little more powerful. [potion of mutation]
 10044 | D:10     | Gained mutation: You occasionally lose the ability to drink
                  | potions when taking damage. [potion of mutation]
 10044 | D:10     | Gained mutation: You possess an exceptional clarity of
                  | mind. [potion of mutation]
 10545 | D:11     | Noticed a two-headed ogre
 10552 | D:11     | Killed a two-headed ogre
 10699 | D:11     | Reached skill level 1 in Invocations
 10720 | D:11     | Reached XP level 12. HP: 46/91 MP: 12/12
 10896 | D:11     | Found a staircase to the Lair.
 11006 | D:11     | Reached **** piety under Makhleb
 11372 | D:12     | Noticed Nessos
 11775 | D:12     | HP: 2/91 [vampire mosquito (6)]
 11778 | D:12     | Slain by a vampire mosquito

Illustrated notes

Levels and vault maps discovered:
D:1:      elethiomel_arrival_maze, layout_basic,
          chequers_ecumenical_altar_island
D:2:      layout_basic, basic_altar, minmay_hexomino_r4, uniq_sigmund
D:3:      layout_loops_corners, tgw_kikubaaqudgha,
          nicolae_hepliaklqana_monster_ancestors, nicolae_uskayaw_dance_hall,
          nicolae_overflow_crystal_walls, mainiacjoe_overflow_large_starburst,
          old_standard_altar
D:4:      layout_cave_pools, ebering_ghost_sewer_d,
          amcnicky_mini_rare_corridor_liquid, chequers_serial_rivers_micro_b,
          corexii_item_surrounded_by_moat
D:5:      layout_basic, mainiacjoe_overflow_chevrons, uniq_blork_the_orc
D:6:      minmay_diamond_boxcup, layout_layer_cave, minmay_temple_entry_wispy,
          uniq_jeremiah
D:7:      layout_cave_pools, grunt_ministairs_8, uniq_pikel, uniq_duvessa
D:8:      hellmonk_destroyed_diamonds, layout_loops_ring, enter_bailey_5,
          due_unseen_surprise, uniq_gastronok
D:9:      layout_rooms, orc_0_dummy, hangedman_decor_clover_reticule,
          nicolae_fountain_basement
D:10:     layout_cave_pools, lemuel_crystal_altar, serial_shops,
          nicolae_shop_hallway_plus, hex_large
D:11:     layout_irregular_city, david_lair_shrubbed, nrook_mini_backslash,
          nzn_life_drinkers
D:12:     layout_cave_pools, minivault_8, uniq_nessos
Temple:   dshaligram_water_room_temple

Skill      XL: |  1  2  3  4  5  6  7  8  9 10 11 12 |
---------------+-------------------------------------+-----
Fighting       | 4 |  4.0
Dodging        | 1 4 5 |  5.0
Shields        | 4 5 7 |  7.2
Armour         | 5 6 9 13 15 | 15.1
Evocations     | 3 |  3.0
Throwing       | 1 6 |  6.0
Maces & Flails | 8 13 | 13.8
Invocations    | 2 4 |  4.1
Axes           | |  2.4

Action                     |  1- 3 |  4- 6 |  7- 9 | 10-12 || total
---------------------------+-------+-------+-------+-------++-------
  Melee: War axe           |   119 |    53 |     7 |       ||   179
         Headbutt          |    13 |    11 |    30 |    68 ||   122
         Whip              |       |    23 |   183 |   326 ||   532
         Mace              |       |       |     5 |    18 ||    23
         Unarmed           |       |       |     4 |       ||     4
         Broad axe         |       |       |       |    79 ||    79
  Throw: Dart              |       |       |    14 |     6 ||    20
 Invoke: Lesser Servant of |       |       |       |     1 ||     1
Ability: Evoke Blink       |       |       |     4 |       ||     4
  Evoke: Wand              |       |       |     1 |    21 ||    22
    Use: Potion            |     3 |       |     4 |     7 ||    14
         Scroll            |     2 |     4 |     8 |    18 ||    32
   Stab: Distracted        |       |       |       |     1 ||     1
         Invisible         |       |       |       |     3 ||     3
 Armour: Scale mail        |    34 |       |       |       ||    34
         Chain mail        |    50 |    42 |     6 |    67 ||   165
         Plate armour      |       |    14 |   142 |   393 ||   549
         Skin              |       |       |     3 |       ||     3
  Dodge: Dodged            |    41 |    37 |    70 |   178 ||   326
  Block: Buckler           |    30 |    16 |    29 |    31 ||   106
         Kite shield       |       |       |       |   170 ||   170
